 Dungeon Crawl Stone Soup version 0.30-a0-591-g3c58d2bc28 (webtiles) character file.

Game seed: 1019409903492641152

127 Leeroy the Changer (level 5, -2/55 HPs)
             Began as a Merfolk Transmuter on Jan 4, 2023.
             Was a Follower of Wu Jian.
             Succumbed to a scorpion's poison
             ... on level 3 of the Dungeon.
             The game lasted 00:07:37 (2620 turns).

Leeroy the Changer (Merfolk Transmuter)             Turns: 2620, Time: 00:07:38

Health: -2/55      AC: 22    Str: 10    XL:     5   Next: 11%
Magic:  16/17      EV:  2    Int: 14    God:    Wu Jian [*.....]
Gold:   163        SH:  0    Dex: 15    Spells: 4/8 levels left

rFire   . . .      SeeInvis .      - Unarmed
rCold   . . .      Faith    .    (no shield)
rNeg    . . .      Spirit   .    (body armour currently unavailable)
rPois   +          Reflect  .    (helmet currently unavailable)
rElec   .          Harm     .    (cloak currently unavailable)
rCorr   .          Rampage  .    (gloves currently unavailable)
Will    .....      NoTele   +    (boots currently unavailable)
Stlth   +                        (no amulet)
HPRegen 0.29/turn                c - ring of magical power
MPRegen 0.15/turn                (no ring)

@: mighty, lethally poisoned (-2 -> -15), tree-form
A: stationary, stasis, torment immunity, boosted hp, (nimble swimmer 2),
(mertail)
a: Renounce Religion


You were on level 3 of the Dungeon.
You worshipped Wu Jian.
Wu Jian was aware of your devotion.
You were a tree.
You visited 1 branch of the dungeon, and saw 4 of its levels.

You collected 163 gold pieces.

Inventory:

Hand Weapons
 d - a +1 dagger of draining
Missiles
 j - 3 poisoned darts
 s - 6 javelins
Armour
 a - a +0 robe
 g - the +3 robe "Piewiuf" (melded) {Str+7}
   (You found it on level 2 of the Dungeon)

   Str:       It affects your strength (+7).
Magical Staves
 e - a staff of poison
Jewellery
 c - a ring of magical power (left branch)
 p - a ring of positive energy
Scrolls
 m - 2 scrolls of poison {unknown}
 o - a scroll of enchant armour {unknown}
 r - 2 scrolls of fear {unknown}
 t - 6 scrolls of identify {unknown}
 u - a scroll of vulnerability {unknown}
Potions
 f - 2 potions of degeneration {unknown}
 h - 4 potions of curing {unknown}
 i - 2 potions of mutation {unknown}
 k - 2 potions of might
 l - 2 potions of attraction {unknown}
 n - 2 potions of heal wounds {unknown}
 q - a potion of flight {unknown}


   Skills:
 - Level 1.3 Fighting
 - Level 3.1 Dodging
 - Level 4.4 Unarmed Combat
 - Level 2.2 Spellcasting
 + Level 5.1 Transmutations


You had 4 spell levels left.
You knew the following spells:

 Your Spells              Type           Power      Damage    Failure   Level
a - Beastly Appendage     Tmut           32%        N/A       2%          1
b - Spider Form           Tmut/Pois      8%         N/A       24%         3

Your spell library contained the following spells:

 Spells                   Type           Power      Damage    Failure   Level
 Wereblood                Tmut           16%        N/A       4%          2
 Ignite Poison            Fire/Tmut/Pois 6%         N/A       34%         3
 Ice Form                 Ice/Tmut       8%         N/A       63%         4
 Sticky Flame             Conj/Fire      1%         2d3       93%         4
 Ignition                 Fire           0%         3d3       100%        8


Dungeon Overview and Level Annotations

Branches:
Dungeon (4/15)
 Temple: D:4-7

Altars:
Okawaru
Wu Jian

Shops:
D:3 [


Innate Abilities, Weirdness & Mutations

You are a tree.
Your roots penetrate the ground, keeping you stationary.
You cannot be teleported.
You are immune to unholy pain and torment.
Your maximum health is greatly increased.
Your equipment is partially melded.
((You are very nimble when in or above water. (Stealth+, EV+, Speed+++)))
((Your lower body shifts to a powerful aquatic tail in water.))


Message History

A scorpion is nearby!
The scorpion attacks as you move away! The scorpion stings you.
You are poisoned.
The scorpion poisons you!
You feel very sick.
There is a stone staircase leading up here.
You feel very sick. The scorpion misses you.
You climb upwards.
You feel sick.
There is a stone staircase leading down here.
Casting: Spider Form (quite dangerous; 24% risk of failure)
Confirm with . or Enter, or press ? or * to list all spells.
You grow a pair of large bovine horns.
You feel sick. The scorpion closely misses you.
You barely miss the scorpion. Your headbutt misses the scorpion.
You feel sick. The scorpion stings you.
You are more poisoned.
The scorpion poisons you!
You hit the scorpion.
The scorpion is lightly wounded.
You feel very sick. The scorpion misses you.
You hit the scorpion.
The scorpion is moderately wounded.
You feel sick. The scorpion stings you.
* * * LOW HITPOINT WARNING * * *
You are more poisoned.
The scorpion poisons you! The scorpion stings you.
* * * LOW HITPOINT WARNING * * *
Really quaff the potion of lignification?
Your horns disappear.
You turn into a tree.
The +3 robe "Piewiuf" {Str+7} melds into your body.
Your roots penetrate the ground.
* * * LOW HITPOINT WARNING * * *
You feel very sick.
The scorpion stings you but does no damage.
It was a potion of might.
You feel very mighty all of a sudden.
You die...

#......## ........##
.........# ..)......#
.........# #####
.....<...# ######### #....
.........# #.......# #....
........## #.......#
####.... ........##
#..♣....#####.......
......[..#
#..s..........##....
.........#
###........#######....
.........###...).....##
###.#
.............#.......##
#..
...#.#.....###..(.....#
##.
...._......###........####
###.
#..#.#..........>####....#
###... ##..........######
####.###...#.


You could see a scorpion.

Vanquished Creatures
  An orc priest (D:3)
  3 adders (D:2)
  2 worms
  A dart slug (D:3)
  2 orcs (D:3)
  6 endoplasms
  7 giant cockroaches
  6 goblins
  3 hobgoblins
  5 quokkas
  6 ball pythons
  5 bats
  2 frilled lizards
  6 kobolds
  5 rats
60 creatures vanquished.

Notes
Turn   | Place    | Note
-------+----------+-------------------------------------------
     0 | D:1      | Leeroy the Merfolk Transmuter began the quest for the Orb.
     0 | D:1      | Reached XP level 1. HP: 15/15 MP: 3/3
    28 | D:2      | Reached XP level 2. HP: 2/21 MP: 3/5
   415 | D:2      | Reached skill level 3 in Transmutations
   415 | D:2      | Reached XP level 3. HP: 10/26 MP: 6/6
   467 | D:3      | Found an ornate altar of the Wu Jian Council.
   472 | D:3      | Became a worshipper of the Wu Jian Council
   592 | D:2      | Identified the +3 robe "Piewiuf" {Str+7}
   810 | D:2      | Learned a level 3 spell: Spider Form
   847 | D:2      | Found a faded altar of an unknown god.
  1092 | D:1      | Reached XP level 4. HP: 32/32 MP: 7/7
  1223 | D:1      | Reached * piety under Wu Jian
  2123 | D:3      | Reached skill level 4 in Transmutations
  2172 | D:3      | Found Sututy's Antique Armour Emporium.
  2335 | D:3      | Reached skill level 5 in Transmutations
  2335 | D:3      | Reached XP level 5. HP: 15/37 MP: 8/8
  2341 | D:3      | Found an iron altar of Okawaru.
  2619 | D:3      | HP: 1/55 [poisoned by a scorpion]
  2620 | D:3      | Succumbed to a scorpion's poison

Illustrated notes

Levels and vault maps discovered:
D:1:      saegor_arrival_miasma, layout_basic, serial_corexii_hall,
          corexii_hall_statues_l, corexii_hall_statues_deadend,
          serial_park_tiny_2, minivault_5, minmay_heptomino_w4
D:2:      layout_basic, nicolae_ecumenical_pavilion, nicolae_figureground_pulse
D:3:      layout_rooms, okawaru_metal_pillars_1_2, lemuel_crystal_altar,
          serial_shops, nicolae_shop_trees
D:4:      layout_basic, slow_altar_1, mainiacjoe_overflow_surrounded_room,
          uniq_ijyb

Skill      XL: |  1  2  3  4 |
---------------+-------------+-----
Dodging        | 3 |  3.1
Unarmed Combat | 4 |  4.4
Transmutations | 3 5 |  5.1
Fighting       | |  1.3
Spellcasting   | |  2.2

Action                   |  1- 3 |  4- 6 || total
-------------------------+-------+-------++-------
Melee: Unarmed           |    87 |    85 ||   172
       Headbutt          |     5 |     1 ||     6
       Punch             |     2 |     1 ||     3
 Cast: Beastly Appendage |     7 |     2 ||     9
       Spider Form       |       |     1 ||     1
Invok: Lunge             |     4 |    11 ||    15
  Use: Potion            |       |     2 ||     2
 Stab: Sleeping          |     2 |     3 ||     5
Armor: Robe              |    14 |    21 ||    35
       Skin              |       |     1 ||     1
Dodge: Dodged            |    48 |    51 ||    99

Table legend: (Time is in decaauts)
 A = Elapsed time spent in this place.
 B = Non-inter-level travel time spent in this place.
 C = Inter-level travel time spent in this place.
 D = Time resting spent in this place.
 E = Time spent auto-exploring this place.
 F = Levels seen in this place.
 G = Mean time per level.
                   A        B        C        D        E       F      G
               +--------+--------+--------+--------+--------+-----+--------+
         Total |   2607 |   2525 |     82 |    266 |   1747 |   4 |  651.8 |
       Dungeon |   2607 |   2525 |     82 |    266 |   1747 |   4 |  651.8 |
               +--------+--------+--------+--------+--------+-----+--------+

Top non-repeatable levels by time:
     D:2: 1154 daAuts
     D:1: 755 daAuts
     D:3: 689 daAuts
     D:4: 7 daAuts
